 Dungeon Crawl Stone Soup version 0.29-a0-911-g88e6f02907 (webtiles) character file.

Game seed: 3782638514721536434

0 wilfster70 the Magician (level 1, 0/15 HPs)
             Began as a Djinni Fire Elementalist on July 25, 2022.
             Slain by a jackal (1 damage)
             ... on level 1 of the Dungeon.
             The game lasted 00:00:19 (30 turns).

wilfster70 the Magician (Djinni Fire Elementalist)    Turns: 30, Time: 00:00:20

Health: 0/15       AC:  2    Str:  7    XL:     1   Next: 11%
Gold:   0          EV:  9    Int: 16    God:
                   SH:  0    Dex: 13

rFire   + + .      SeeInvis .   (no weapon)
rCold   x . .      Faith    .   (no shield)
rNeg    . . .      Spirit   .   a - +0 robe
rPois   ∞          Reflect  .   (no helmet)
rElec   .          Harm     .   (no cloak)
rCorr   .          Rampage  .   (no gloves)
Will    .....                   (boots unavailable)
Stlth   ++........              (no amulet)
HPRegen 0.05/turn               (no ring)
MPRegen 0.00/turn               (no ring)

@: flying, constricted
A: sickness immunity, fire resistance 2, cold vulnerability 1, float, innate
caster, HP casting, extra vitality 1
a: no special abilities


You were on level 1 of the Dungeon.
You visited 1 branch of the dungeon, and saw 1 of its levels.

Inventory:

Armour
 a - a +0 robe (worn)


   Skills:
 - Level 2.1 Dodging
 - Level 1.5 Stealth
 + Level 2.4 Spellcasting


You couldn't memorise any spells.
You knew the following spells:

 Your Spells              Type           Power      Damage    Failure   Level
a - Foxfire               Conj/Fire      36%        2x1d5     8%          1
b - Scorch                Fire           18%        2d5       11%         2
c - Conjure Flame         Conj/Fire      9%         6-21      22%         3
d - Inner Flame           Hex/Fire       9%         N/A       22%         3
e - Flame Wave            Conj/Fire      9%         2d5       58%         4
Your spell library was empty.

Dungeon Overview and Level Annotations

Branches:
Dungeon (1/15)

Altars:


Innate Abilities, Weirdness & Mutations

You are immune to sickness and miasma.
You are immune to poison.
Your flesh is very heat resistant. (rF++)
You are vulnerable to cold. (rC-)
You float through the air rather than walking.
You learn spells naturally, not from books.
Your magical power is your life essence.
You have superior vitality. (+4 MHP)


Message History

A ball python comes into view.
The ball python hisses angrily.
You hear a bark!
A jackal comes into view.
The rat twitches its whiskers.
You hear a bark!
The endoplasm quivers.
A jackal comes into view.
The jackal barks!
You closely miss the rat.
A jackal comes into view.
The rat barely misses you.
The jackal barks!
You hit the ball python.
The ball python is heavily wounded.
The ball python barely misses you. The ball python closely misses you.
The rat misses you. The jackal bites you.
The ball python attacks as you move away!
The ball python bites you.
The ball python bites you but does no damage.
The ball python grabs you. The ball python constricts you.
The ball python's grasp on you weakens, but your attempt to escape fails.
The jackal bites you. The ball python bites you.
The ball python constricts you. The rat bites you.
You escape the ball python's grasp.
The jackal bites you.
* * * LOW HITPOINT WARNING * * *
You see here 8 gold pieces.
Casting: Foxfire (safe; 8% risk of failure)
Confirm with . or Enter, or press ? or * to list all spells.
You conjure some foxfire!
* * * LOW HITPOINT WARNING * * *
The jackal bites you.
* * * LOW HITPOINT WARNING * * *
The jackal closely misses you. The ball python closely misses you.
The ball python grabs you. The ball python constricts you.
The foxfire hits the rat.
You kill the rat!
The foxfire hits the jackal but does no damage.
The jackal bites you.
You die...

#.........#
#..⌠...⌠..#### .##
#..)###...##.# ..# .
#...#<#......###..###.
#...#'#...[.......... .
##.⌠...⌠......#....# h..
#.......#......#.##...#
#...).......h........#
#.........§@hh......#
#.........§.S>.......#
!...##.#####.J.........#
..... #.. #............
..... )## #.............
.. #. ............... .#
................
.#....[.).......
#.............


You could see an endoplasm, 3 jackals and a ball python.

Vanquished Creatures
  A bat (D:1)
  A rat (D:1)
2 creatures vanquished.

Vanquished Creatures (others)
  3 foxfires (D:1)
3 creatures vanquished.

Grand Total: 5 creatures vanquished

Notes
Turn   | Place    | Note
-------+----------+-------------------------------------------
     0 | D:1      | wilfster70 the Djinni Fire Elementalist began the quest for
                  | the Orb.
     0 | D:1      | wilfster70 set off with the following spells memorised:
                  | Foxfire, Scorch, Conjure Flame, Inner Flame, Flame Wave.
     0 | D:1      | Reached XP level 1. HP: 15/15 MP: 0/0
    30 | D:1      | Slain by a jackal

Illustrated notes

Levels and vault maps discovered:
D:1:      scummos_arrival_simple_fountains, layout_rooms,
          shapermc_ecumenical_altar_mp_vishouse

Action                   || total
-------------------------++-------
Melee: Unarmed           ||     2
 Cast: Foxfire           ||     2
Armor: Robe              ||     1
Dodge: Dodged            ||     6

Table legend: (Time is in decaauts)
 A = Elapsed time spent in this place.
 B = Non-inter-level travel time spent in this place.
 C = Inter-level travel time spent in this place.
 D = Time resting spent in this place.
 E = Time spent auto-exploring this place.
 F = Levels seen in this place.
 G = Mean time per level.
                   A        B        C        D        E       F      G
               +--------+--------+--------+--------+--------+-----+--------+
         Total |     30 |     30 |      0 |      0 |      2 |   1 |   30.0 |
       Dungeon |     30 |     30 |      0 |      0 |      2 |   1 |   30.0 |
               +--------+--------+--------+--------+--------+-----+--------+

Top non-repeatable levels by time:
     D:1: 30 daAuts
